 Dungeon Crawl Stone Soup version 0.31-a0-675-g238779eb0a (webtiles) character file.

Game seed: 17187261900492933130

1431 Xavori the Sneak (level 8, 0/81 HPs)
             Began as an Octopode Chaos Knight on Sept 6, 2023.
             Was a Plaything of Xom.
             Slain by 0gre's ghost (13 damage)
             ... on level 5 of the Dungeon.
             The game lasted 00:05:10 (4365 turns).

Xavori the Sneak (Octopode Chaos Knight)            Turns: 4365, Time: 00:05:11

Health: 0/81       AC:  1    Str: 18    XL:     8   Next: 73%
Magic:  8/8        EV: 14    Int: 14    God:    Xom [.*....]
Gold:   123        SH:  0    Dex: 13    Spells: 7/7 levels left

rFire   + + .        m - +1 dagger (venom)
rCold   . . .        (no shield)
rNeg    + . .        (helmet currently unavailable)
rPois   .            f - amulet of regeneration
rElec   +            k - ring of protection from fire
rCorr   .            n - +6 ring of strength
SInv    .            g - ring of positive energy
Will    +....        w - ring of willpower Stlth
                     (no ring)
HPRegen 1.13/turn    (no ring)
MPRegen 0.11/turn    (no ring)
                     (no ring)

%: no passive effects
@: berserking, beast-form, cleaving, very quick
A: beast (slay +1), almost no armour, amphibious, 8 rings, camouflage 1,
gelatinous body 1, (nimble swimmer 1), tentacles, fire resistance 1, electricity
resistance, no potion heal 1, inability to drink after injury 1, MP-powered
wands
a: Begin Untransformation, Renounce Religion


You were on level 5 of the Dungeon.
You worshipped Xom.
You were a plaything of Xom.
You were a hulking beast.
You visited 1 branch of the dungeon, and saw 6 of its levels.

You collected 248 gold pieces.
You spent 125 gold pieces at shops.

Inventory:

Hand Weapons
 m - a +1 dagger of venom (weapon)
 v - a +3 dagger
Jewellery
 f - an amulet of regeneration (around mantle)
 g - a ring of positive energy (on tentacle)
 k - a ring of protection from fire (left tentacle)
 n - a +6 ring of strength (right tentacle)
 q - an amulet of reflection
 w - a ring of willpower (on tentacle)
Talismans
 l - a blade talisman
 r - a maw talisman
 s - a beast talisman (active)
Wands
 c - a wand of iceblast (6)
Scrolls
 b - a scroll of butterflies
 h - 3 scrolls of enchant armour
 j - 2 scrolls of immolation
 x - a scroll of teleportation {unknown}
 y - a scroll of poison {unknown}
Potions
 a - a potion of heal wounds {unknown}
 d - a potion of haste {unknown}
 e - a potion of berserk rage
 i - 5 potions of curing
 o - a potion of magic {unknown}
 p - a potion of attraction {unknown}
 t - a potion of degeneration {unknown}
 u - a potion of enlightenment {unknown}
 z - 2 potions of resistance {unknown}


   Skills:
 + Level 4.5 Fighting
 + Level 5.5 Short Blades
 + Level 3.9 Dodging
 + Level 7.9 Stealth
 * Level 4.4 Evocations
 * Level 3.1 Shapeshifting


You had 7 spell levels left.
You didn't know any spells.
Your spell library was empty.

Dungeon Overview and Level Annotations

Branches:
Dungeon (6/15)
 Temple: D:4-7

Altars:
Hepliaklqana
Nemelex Xobeh
Okawaru
Vehumet
Xom

Shops:
D:5 *

Portals:
Abyss: D:4

Annotations:
D:4 2 transporters, Sundig's ghost, amateur MiFi
D:5 0gre's ghost, novice GnIE
D:6 Jeremiah


Innate Abilities, Weirdness & Mutations

You are a hulking beast.
Your limbs bulge with bestial killing power. (Slay +1)
You cannot wear most types of armour.
You are amphibious.
You can wear up to eight rings at the same time.
Your skin changes colour to match your surroundings (Stealth+).
Your rubbery body absorbs attacks. (AC +1, EV +1)
((You are camouflaged when in or above water. (Stealth+)))
You have tentacles for arms and can constrict up to eight enemies at once.
Your flesh is heat resistant. (rF+)
You are resistant to electric shocks. (rElec)
Potions are less effective at restoring your health.
You occasionally lose the ability to drink potions when taking damage.
You expend magic power (3 MP) to strengthen your wands.


Message History

0gre's ghost is lightly damaged. 0gre's ghost barely misses you.
You hit 0gre's ghost. 0gre's ghost is lightly damaged. 0gre's ghost hits you.
You hit 0gre's ghost but do no damage. 0gre's ghost is lightly damaged.
Xom grants you a minor favour.
Your +1 dagger of venom looks sharp.
You closely miss 0gre's ghost. 0gre's ghost is lightly damaged. 0gre's ghost freezes you.
You are frozen!!
You hit 0gre's ghost. 0gre's ghost is moderately damaged. 0gre's ghost hits you.
You hit 0gre's ghost.
You squeeze 0gre's ghost, but do no damage. 0gre's ghost is moderately damaged.
You barely miss 0gre's ghost. 0gre's ghost is moderately damaged. 0gre's ghost hits you.
You closely miss 0gre's ghost.
You squeeze 0gre's ghost! 0gre's ghost is heavily damaged. 0gre's ghost hits you!
* * * LOW HITPOINT WARNING * * *
You hit 0gre's ghost.
Your squeeze misses 0gre's ghost. 0gre's ghost is heavily damaged. 0gre's ghost hits you!
* * * LOW HITPOINT WARNING * * *
A red film seems to cover your vision as you go berserk!
You feel yourself moving faster!
You feel mighty! 0gre's ghost closely misses you.
You barely miss 0gre's ghost.
Your squeeze misses 0gre's ghost. 0gre's ghost is heavily damaged.
You hit 0gre's ghost. 0gre's ghost is heavily damaged. 0gre's ghost hits you!
You die...
Xom roars with laughter!

### ##...#..#..#
##.###..........#
#....#...........
##................
#######.....#.....##....
#.....#.....#.....##...#
.###(...♣#..#...#.........# #
...##..(..'......#.......... ###
....#(....Wh..#........#....
#.###....#...♣.'..##.....##.#....
....#....#.(...#..##.##..##......
...).....#.(..(#... #......#..#
...)....(#######.... #.. .#.#..#
..........# .......#..###.....
.......#... .............#.....
.##....(.#. ........# #......#.
.........# ........# #......#.


You could see 0gre's ghost.

Vanquished Creatures
  Sigmund (D:5)
  Edmund (D:5)
  A black bear (D:4)
  An ogre (D:5)
  3 scorpions
  A howler monkey (D:6)
  An electric eel (D:6)
  A jelly (D:6)
  3 orc priests
  3 hounds (D:5)
  3 iguanas
  Natasha (thrice) (D:4)
  3 orc wizards
  Robin (D:2)
  3 gnolls (D:3)
  10 adders
  2 shadow imps
  2 white imps (D:6)
  An ufetubus (D:6)
  2 worms (D:2)
  5 dart slugs
  16 orcs
  4 ball pythons
  7 bats
  6 endoplasms
  4 giant cockroaches
  17 goblins
  12 hobgoblins
  6 jackals (D:1)
  4 quokkas
  2 frilled lizards
  7 kobolds
  6 rats
142 creatures vanquished.

Notes
Turn   | Place    | Note
-------+----------+-------------------------------------------
     0 | D:1      | Xavori the Octopode Chaos Knight began the quest for the
                  | Orb.
     0 | D:1      | Reached XP level 1. HP: 16/16 MP: 1/1
     1 | D:1      | XOM: divination: magic mapping
     2 | D:1      | Noticed an elf
     4 | D:1      | Noticed a felid
     6 | D:1      | Noticed a troll
     7 | D:1      | Noticed a vampire
     9 | D:1      | Noticed a formicid
    13 | D:1      | Noticed a troll
    15 | D:1      | Noticed a human
    17 | D:1      | Noticed a vine stalker
    17 | D:1      | Noticed a troll
    17 | D:1      | Noticed a demigod
    68 | D:1      | Reached XP level 2. HP: 3/21 MP: 2/2
   456 | D:1      | XOM: god gift: wand of iceblast (6)
   551 | D:1      | Reached XP level 3. HP: 26/26 MP: 3/3
   600 | D:1      | XOM: scenery: summon butterflies
   998 | D:2      | Reached skill level 1 in Stealth
  1006 | D:2      | Reached skill level 1 in Evocations
  1077 | D:2      | Reached XP level 4. HP: 32/32 MP: 4/4
  1420 | D:1      | XOM: cloud trail
  1425 | D:1      | XOM: scenery: summon butterflies
  1933 | D:1      | XOM: give mutations
  1933 | D:1      | Gained mutation: You occasionally lose the ability to drink
                  | potions when taking damage. [Xom's mischief]
  1933 | D:1      | Gained mutation: Potions are less effective at restoring
                  | your health. [Xom's mischief]
  1933 | D:1      | Gained mutation: Your natural rate of healing is unusually
                  | fast. [Xom's mischief]
  1933 | D:1      | Gained mutation: You are resistant to electric shocks.
                  | (rElec) [Xom's mischief]
  2125 | D:1      | XOM: stat loss: -1 Dex (12/13)
  2211 | D:2      | Noticed Robin
  2221 | D:2      | XOM: potion effect (invisibility)
  2228 | D:2      | XOM: butterfly on damage
  2230 | D:2      | Killed Robin
  2231 | D:2      | XOM: scenery: create altars
  2243 | D:2      | Reached skill level 2 in Stealth
  2309 | D:2      | Found a radiant altar of Vehumet.
  2402 | D:2      | Found a faded altar of an unknown god.
  2569 | D:3      | XOM: polymorph giant cockroach -> kobold
  2576 | D:3      | Reached XP level 5. HP: 37/37 MP: 5/5
  2680 | D:3      | XOM: smoke on damage
  2684 | D:3      | Reached skill level 3 in Stealth
  2811 | D:3      | XOM: polymorph orc -> goblin
  2822 | D:3      | XOM: enchant monster (good)
  2824 | D:3      | Reached XP level 6. HP: 23/43 MP: 6/6
  2967 | D:3      | Reached skill level 4 in Stealth
  3081 | D:3      | XOM: give mutations
  3081 | D:3      | Gained mutation: Your flesh is heat resistant. (rF+) [Xom's
                  | grace]
  3081 | D:3      | Gained mutation: You are agile. (Dex +4, Str/Int -1) [Xom's
                  | grace]
  3081 | D:3      | Gained mutation: You possess an exceptional clarity of
                  | mind. [Xom's grace]
  3081 | D:3      | Gained mutation: You expend magic power (3 MP) to
                  | strengthen your wands. [Xom's grace]
  3209 | D:4      | Noticed Natasha
  3213 | D:4      | Killed Natasha
  3246 | D:4      | XOM: cloud trail
  3320 | D:4      | Noticed Natasha
  3327 | D:4      | Found a transporter.
  3332 | D:4      | Killed Natasha
  3376 | D:4      | Found a transporter.
  3406 | D:4      | You fall into a shaft and drop 2 floors!
  3454 | D:6      | XOM: summons friendly shadow imp
  3468 | D:6      | Noticed Jeremiah
  3479 | D:6      | XOM: cast spell 'Summon Cactus Giant'
  3491 | D:6      | XOM: 1-stop teleportation journey
  3509 | D:6      | Reached skill level 5 in Stealth
  3509 | D:6      | Reached skill level 1 in Shapeshifting
  3509 | D:6      | Reached XP level 7. HP: 46/48 MP: 7/7
  3637 | D:6      | XOM: 3-stop teleportation journey
  3674 | D:6      | Noticed a steam dragon
  3677 | D:6      | XOM: fake destruction
  3679 | D:6      | XOM: smoke on damage
  3680 | D:6      | XOM: polymorph orc priest -> hound
  3681 | D:5      | Entered Level 5 of the Dungeon
  3702 | D:5      | Noticed Edmund
  3714 | D:5      | Killed Edmund
  3715 | D:5      | Reached skill level 6 in Stealth
  3808 | D:4      | XOM: silly message
  3816 | D:4      | XOM: 2-stop teleportation journey
  3840 | D:4      | XOM: silly message
  3854 | D:4      | Noticed Natasha
  3859 | D:4      | Killed Natasha
  3860 | D:4      | Reached skill level 5 in Short Blades
  3870 | D:4      | XOM: give mutations
  3870 | D:4      | Lost mutation: You possess an exceptional clarity of mind.
                  | [Xom's mischief]
  3870 | D:4      | Lost mutation: Your natural rate of healing is unusually
                  | fast. [Xom's mischief]
  3870 | D:4      | Lost mutation: You are agile. (Dex +4, Str/Int -1) [Xom's
                  | mischief]
  3913 | D:4      | Reached XP level 8. HP: 54/54 MP: 8/8
  3959 | D:4      | Noticed a small abomination
  3972 | D:4      | Noticed Sundig's ghost (amateur MiFi)
  3973 | D:4      | Found a one-way gate to the infinite horrors of the Abyss.
  3978 | D:4      | Reached skill level 7 in Stealth
  4099 | D:5      | Found Plog's Assorted Antiques.
  4107 | D:5      | Bought an encrusted glass ring for 125 gold pieces
  4147 | D:5      | Noticed Sigmund
  4163 | D:5      | Killed Sigmund
  4168 | D:5      | Found a sparkling altar of Nemelex Xobeh.
  4168 | D:5      | Found a hazy altar of Hepliaklqana.
  4168 | D:5      | Found an iron altar of Okawaru.
  4168 | D:5      | XOM: 1-stop teleportation journey
  4341 | D:5      | Found a runed translucent gate.
  4341 | D:5      | Found a runed translucent gate.
  4344 | D:5      | Found a runed translucent gate.
  4348 | D:5      | Noticed 0gre's ghost (novice GnIE)
  4356 | D:5      | XOM: cleaving
  4365 | D:5      | Slain by 0gre's ghost

Illustrated notes

Levels and vault maps discovered:
D:1:      shiori_arrival_whats_in_store_for_you, layout_loops_ring,
          serial_glass, glass_columns_b, glass_columns_a, glass_columns_b,
          glass_columns_b, glass_columns_b, glass_columns_b, glass_columns_b,
          glass_columns_a
D:2:      layout_rooms, basic_altar, shapermc_ecumenical_altar_mp_vishouse,
          uniq_robin
D:3:      layout_basic, nicolae_titane
D:4:      layout_loops_cross, gammafunk_ghost_abyssal_escape,
          minmay_misc_feat_more_columns, uniq_natasha
D:5:      layout_cave_pools, gammafunk_temple_overflow_claw,
          ebering_ghost_rock_garden, serial_shops, nicolae_diamond_shop,
          minmay_misc_feat_rows, uniq_sigmund, uniq_edmund
D:6:      layout_gridville, minmay_temple_entry_proselytizer,
          kennysheep_opposing_triangles, uniq_jeremiah

Skill      XL: |  1  2  3  4  5  6  7  8 |
---------------+-------------------------+-----
Stealth        | 1 2 3 5 6 7 |  7.9
Evocations     | 1 2 3 4 |  4.4
Short Blades   | 4 5 |  5.5
Dodging        | 3 |  3.9
Fighting       | 4 |  4.5
Shapeshifting  | 1 2 3 |  3.1

Action                     |  1- 3 |  4- 6 |  7- 9 || total
---------------------------+-------+-------+-------++-------
  Melee: Short sword       |    75 |    48 |       ||   123
         Constrict         |    19 |    35 |    25 ||    79
         Tentacles         |    12 |    30 |    33 ||    75
         Punch             |     1 |     4 |     1 ||     6
         Dagger            |       |    93 |   102 ||   195
    Use: Scroll            |       |       |     5 ||     5
         Potion            |       |       |     1 ||     1
   Stab: Sleeping          |     5 |    18 |     7 ||    30
         Confused          |     1 |       |       ||     1
         Invisible         |       |     5 |       ||     5
         Distracted        |       |     1 |     1 ||     2
         Paralysed         |       |     1 |       ||     1
 Armour: Skin              |    32 |    62 |    43 ||   137
  Dodge: Dodged            |    31 |    77 |    51 ||   159
   Form: Beast             |       |     1 |       ||     1

Table legend: (Time is in decaauts)
 A = Elapsed time spent in this place.
 B = Non-inter-level travel time spent in this place.
 C = Inter-level travel time spent in this place.
 D = Time resting spent in this place.
 E = Time spent auto-exploring this place.
 F = Levels seen in this place.
 G = Mean time per level.
                   A        B        C        D        E       F      G
               +--------+--------+--------+--------+--------+-----+--------+
         Total |   4295 |   4225 |     70 |   1234 |   2097 |   6 |  715.8 |
       Dungeon |   4295 |   4225 |     70 |   1234 |   2097 |   6 |  715.8 |
               +--------+--------+--------+--------+--------+-----+--------+

Top non-repeatable levels by time:
     D:1: 1905 daAuts
     D:2: 622 daAuts
     D:4: 592 daAuts
     D:3: 587 daAuts
     D:5: 319 daAuts
     D:6: 269 daAuts
